 Dungeon Crawl Stone Soup version 0.27.1-34-g3ba077fa99 (webtiles) character file.

Game seed: 14497344639466905258

139 MisterFreud the Sneak (level 5, -6/36 HPs)
             Began as a Felid Berserker on Jan 26, 2022.
             Was a Believer of Trog.
             Engulfed by a steam dragon's steam (7 damage)
             ... on level 3 of the Dungeon.
             The game lasted 00:02:36 (3020 turns).

MisterFreud the Sneak (Felid Berserker)             Turns: 3020, Time: 00:02:36

Health: -6/36      AC:  1    Str: 13    XL:     5   Next: 1%
Magic:  6/6        EV: 18    Int:  8    God:    Trog [**....]
Gold:   97         SH:  0    Dex: 17    Spells: 4/4 levels left
                                        Lives:  0   Deaths: 1

rFire    . . .     SeeInvis +     - Unarmed
rCold    . . .     Faith    .   (shield unavailable)
rNeg     . . .     Spirit   .   (armour unavailable)
rPois    .         Reflect  .   (helmet unavailable)
rElec    .         Harm     .   (cloak unavailable)
rCorr    .         Rampage  .   (gloves unavailable)
Will     .....                  (boots unavailable)
Stlth    ..........             (no amulet)
HPRegen  0.12/turn              (no ring)
MPRegen  0.10/turn              (no ring)

@: berserking, very quick
A: very small, claws 1, fangs 3, see invisible, speed 1, shaggy fur 1, stealthy
paws, no weapons or thrown items, no armour, multi-lived
a: Renounce Religion, Berserk, Trog's Hand


You were on level 3 of the Dungeon.
You worshipped Trog.
Trog was pleased with you.
You visited 1 branch of the dungeon, and saw 3 of its levels.

You collected 97 gold pieces.

Inventory:

Scrolls
 a - a scroll of enchant armour {unknown}
 b - a scroll of magic mapping {unknown}
 c - a scroll of amnesia {unknown}
 e - a scroll of teleportation {unknown}
 f - a scroll of immolation {unknown}
Potions
 d - a potion of mutation {unknown}
 g - a potion of curing {unknown}
 h - a potion of haste {unknown}


   Skills:
 - Level 3.0 Fighting
 - Level 4.0 Dodging
 + Level 5.9 Stealth
 + Level 5.2 Unarmed Combat


You had 4 spell levels left.
You didn't know any spells.
Your spell library was empty.

Dungeon Overview and Level Annotations

Branches:
Dungeon (3/15)

Altars:
Nemelex Xobeh


Innate Abilities, Weirdness & Mutations

You have sharp claws.
You have razor-sharp teeth.
You have supernaturally acute eyesight. (SInv)
You cover ground quickly. (Speed+)
You are covered in fur. (AC +1)
Your paws help you pounce on unaware monsters.
You are incapable of wielding weapons or throwing items.
You cannot wear armour.
You gain extra lives every three experience levels.


Message History

Welcome back to level 5!
You see here a +0 dagger.
No target in view!
A bat is nearby!
A bat is nearby!
A bat is nearby!
You barely miss the bat. The bat misses you.
An endoplasm comes into view.
Found a faded altar of an unknown god.
The bat hits you.
The endoplasm moves out of view.
A bat is nearby!
You scratch the bat.
You kill the bat!
Trog accepts your kill.
No target in view!
No target in view!
A steam dragon is nearby!
A steam dragon is nearby!
You barely miss the steam dragon. The steam dragon bites you.
The steam dragon claws you.
A red film seems to cover your vision as you go berserk!
You feel yourself moving faster!
You feel mighty! The steam dragon bites you! The steam dragon claws you.
You closely miss the steam dragon. You closely miss the steam dragon.
The steam dragon breathes steam at you. The ball of steam misses you.
You barely miss the steam dragon.
You are engulfed in a cloud of scalding steam.
You claw the steam dragon! Your bite misses the steam dragon.
The steam dragon is heavily wounded.
You are engulfed in a cloud of scalding steam.
* * * LOW HITPOINT WARNING * * *
The steam dragon bites you!
* * * LOW HITPOINT WARNING * * *
The steam dragon barely misses you.
You closely miss the steam dragon.
The steam dragon is heavily wounded.
You are engulfed in a cloud of scalding steam.
You die...

.b..#.....# #..######
..!.........###..#
........##......##
...........<....##
..........#......##
.)........##.##...###
..............#§#...#
..§<.....#...(§..##)######
...†...........§@§.......#
..§..(..##......§D.#####....
§...?..(...#....#.## #
.§.D..######.##...#
#.#..........####..#
#.#.#8.....†..∩..♣...#
....................##
#..##..$............#
###...∩.....∩.._#..


You could see a steam dragon (catching breath).

Vanquished Creatures
  Sigmund (D:2)
  A hound (D:2)
  3 adders
  An adder skeleton (D:2)
  2 worms (D:2)
  3 dart slugs
  An orc (D:3)
  3 endoplasms
  3 giant cockroaches
  3 goblins
  4 hobgoblins (D:1)
  3 jackals (D:1)
  3 kobolds
  A quokka (D:1)
  4 ball pythons
  5 bats
  4 frilled lizards
  6 rats
  A toadstool (D:1)
52 creatures vanquished.

Vanquished Creatures (others)
  A frilled lizard (D:3)
  3 toadstools (D:1)
4 creatures vanquished.

Grand Total: 56 creatures vanquished

Notes
Turn   | Place    | Note
-------+----------+-------------------------------------------
     0 | D:1      | MisterFreud the Felid Berserker began the quest for the
                  | Orb.
     0 | D:1      | Reached XP level 1. HP: 10/10 MP: 2/2
   178 | D:1      | Reached skill level 1 in Stealth
   331 | D:1      | Reached XP level 2. HP: 10/14 MP: 3/3
   903 | D:1      | Reached ** piety under Trog
   935 | D:1      | Reached XP level 3. HP: 17/17 MP: 4/4
  1564 | D:2      | Noticed Sigmund
  1577 | D:2      | Killed Sigmund
  1578 | D:2      | Reached skill level 5 in Stealth
  1578 | D:2      | Reached XP level 4. HP: 14/21 MP: 5/5
  1578 | D:2      | Reached XP level 5. HP: 16/24 MP: 6/6
  1583 | D:2      | Reached skill level 5 in Unarmed Combat
  2039 | D:2      | Found a sparkling altar of Nemelex Xobeh.
  2905 | D:3      | Noticed a steam dragon
  2925 | D:3      | Killed from afar by a steam dragon
  2926 | D:3      | Reached XP level 4. HP: 0/21 MP: 5/5
  2991 | D:3      | Reached XP level 5. HP: 24/24 MP: 6/6
  3005 | D:3      | Found a faded altar of an unknown god.
  3019 | D:3      | HP: 1/36 [steam dragon (9)]
  3020 | D:3      | Engulfed by a steam dragon's steam

Illustrated notes

Levels and vault maps discovered:
D:1:      ldierk_water_garden, layout_loops_cross, chequers_serial_rivers_marsh
D:2:      layout_basic, basic_altar, uniq_sigmund
D:3:      layout_rooms, gammafunk_temple_overflow_pools,
          hellmonk_ecumenical_altar_arch_garden

Skill      XL: |  1  2  3  4  5 |
---------------+----------------+-----
Stealth        | 1 2 5 |  5.9
Unarmed Combat | 4 5 |  5.2
Fighting       | |  3.0
Dodging        | |  4.0

Action                   |  1- 3 |  4- 6 || total
-------------------------+-------+-------++-------
Melee: Unarmed           |    74 |    59 ||   133
       Bite              |     4 |     4 ||     8
Invok: Berserk           |     4 |     1 ||     5
       Trog's Hand       |       |     1 ||     1
 Stab: Sleeping          |     7 |     6 ||    13
Armor: Skin              |     2 |     3 ||     5
Dodge: Dodged            |    53 |    30 ||    83
